 Dungeon Crawl Stone Soup version 0.17-a0-1399-gd5b76e1 (webtiles) character file.

112 urechis the Poker (level 4, -1/33 HPs)
             Began as a Merfolk Gladiator on June 19, 2015.
             Killed by nerve-wracking pain
             ... invoked by Grinder
              (11 damage)
             ... on level 2 of the Dungeon.
             The game lasted 00:06:07 (2101 turns).

urechis the Poker (Merfolk Gladiator)               Turns: 2101, Time: 00:06:07

Health: -1/33      AC:  7    Str: 15    XL:     4   Next: 93%
Magic:  4/4        EV: 17    Int:  7    God:
Gold:   177        SH:  0    Dex: 15    Spells: 0 memorised, 3 levels left

rFire  . . .     SeeInvis .     a - +0 trident
rCold  + . .     Clarity  .     m - +1 leather armour {rC+}
rNeg   + . .     SustAt   .     (no shield)
rPois  .         Gourm    .     l - +2 helmet
rElec  .         Spirit   .     (no cloak)
rCorr  .         Warding  +     (no gloves)
rMut   .         Stasis   .     (boots currently unavailable)
MR     .....                    c - amulet of warding
Stlth  ++........               (no ring)
                                (no ring)

@: very quick, not resistant to hostile enchantments, unstealthy
A: change form in water, swift swim
a: no special abilities


You were on level 2 of the Dungeon.
You were not hungry.

You visited 1 branch of the dungeon, and saw 3 of its levels.

You collected 177 gold pieces.

Inventory:

Hand weapons
 a - a +0 trident (weapon)
Missiles
 e - 3 throwing nets (quivered)
Armour
 l - a +2 helmet (worn)
 m - a +1 leather armour of cold resistance (worn)
Jewellery
 c - an amulet of warding (around neck)
Magical devices
 t - a wand of flame (18)
 x - a wand of digging (8)
Scrolls
 g - a scroll of amnesia {unknown}
 h - a scroll of noise {unknown}
 k - a scroll of fear {unknown}
 n - a scroll of fog {unknown}
 p - 2 scrolls of identify {unknown}
 u - 2 scrolls of remove curse {unknown}
 w - a scroll of recharging {unknown}
Potions
 b - a potion of cancellation {unknown}
 f - a potion of degeneration {unknown}
 i - a potion of haste {unknown}
 j - a potion of ambrosia
 q - a potion of curing {unknown}
 r - a potion of magic {unknown}
 s - a potion of heal wounds {unknown}
Comestibles
 d - 2 bread rations
 o - a slice of pizza
 v - a meat ration
 z - 4 fruits


   Skills:
 - Level 2.1 Fighting
 + Level 7.9 Polearms
 - Level 2.0 Throwing
 - Level 4.0 Dodging


You had 3 spell levels left.
You didn't know any spells.

Dungeon Overview and Level Annotations

Branches:
Dungeon (3/15)

Altars:
Cheibriados
Makhleb

Annotations:
D:2 Grinder


Message History

You hit Grinder.
Grinder is moderately wounded.
Grinder hits you.
You closely miss Grinder.
Your tail-slap misses Grinder.
Grinder is moderately wounded.
Grinder misses you.
You hit Grinder. You tail-slap Grinder.
Grinder is heavily wounded.
Grinder hits you but does no damage.
Your leather armour prevents you from hitting Grinder.
Grinder is heavily wounded.
You hit Grinder.
Grinder is heavily wounded.
Grinder gestures at you. Pain shoots through your body!
You closely miss Grinder.
Grinder is heavily wounded.
Grinder gestures at you. Pain shoots through your body!
You die...

########.## #.##########.##
#.# #............# #####.#
#.....######## #.....#
#.##...##
###...#.#####.#.....######
###≈≈...≈≈.....)>......<...##
##≈≈≈≈...≈≈≈≈##.##.....####...
#≈≈≈##'''##≈≈≈≈≈≈##...## ####
#≈≈≈#.....#≈≈@≈≈≈≈##.## #
#...#.....#.5(..≈≈≈#.# ##
#..)#.....#....(.≈≈#.########.
##(##.....##'##..≈≈#..........
#...#.....#...#(.≈≈##########.
#...#.....#...#..≈≈# ##
#...#.....#...#(.≈≈#
##'##.....##'##..≈≈#
#..........).#...≈≈#


You could see Grinder.

Vanquished Creatures
  Jessica (D:2)
  Robin (D:2)
  An ooze (D:2)
  3 orcs
  4 ball pythons
  4 bats
  2 giant cockroaches
  8 hobgoblins
  6 jackals (D:2)
  3 kobolds
  3 giant geckos
  3 giant newts
  18 goblins
  5 rats
62 creatures vanquished.

Notes
Turn   | Place    | Note
--------------------------------------------------------------
     0 | D:1      | urechis the Merfolk Gladiator began the quest for the Orb.
     0 | D:1      | Reached XP level 1. HP: 16/16 MP: 1/1
    74 | D:1      | Reached skill level 5 in Polearms
    86 | D:1      | Reached XP level 2. HP: 22/22 MP: 2/2
   551 | D:1      | Reached skill level 6 in Polearms
   551 | D:1      | Reached XP level 3. HP: 27/27 MP: 3/3
  1158 | D:2      | Noticed Jessica
  1588 | D:2      | Killed Jessica
  1588 | D:2      | Reached skill level 7 in Polearms
  1588 | D:2      | Reached XP level 4. HP: 20/33 MP: 4/4
  1762 | D:2      | Found a snail-covered altar of Cheibriados.
  1763 | D:2      | Found a burning altar of Makhleb.
  1980 | D:2      | Noticed Robin
  1999 | D:2      | Killed Robin
  2065 | D:3      | Noticed Grinder
  2101 | D:2      | Killed from afar by Grinder

Vault maps used:
D:1:      minmay_arrival_radiant_lines
D:2:      kennysheep_goblin_castle, gammafunk_temple_overflow_pools,
          minmay_quantized, uniq_jessica
D:3:      ecumenical_altar_2, first_bread, trog_wizard, uniq_grinder

Action                   |  1- 3 |  4- 6 || total
-------------------------+-------+-------++-------
Melee: Trident           |   143 |    58 ||   201
  Use: Potion            |       |     1 ||     1
 Stab: Sleeping          |     2 |     1 ||     3
       Distracted        |     1 |       ||     1
  Eat: Chunk             |     1 |     3 ||     4
